 Dungeon Crawl Stone Soup version 0.28.0-53-g5a82cb258f (webtiles) character file.

Game seed: 464812665079075372

25904 infcreate the Unseen (level 12, 59/59 HPs)
             Began as a Vampire Enchanter on July 5, 2022.
             Was a Priest of Dithmenos.
             Quit the game on level 3 of the Lair of Beasts.
             The game lasted 00:44:48 (17472 turns).

infcreate the Unseen (Vampire Enchanter)           Turns: 17472, Time: 00:44:48

Health: 59/59      AC: 10    Str: 13    XL:     12   Next: 93%
Magic:  25/25      EV: 23    Int: 28    God:    Dithmenos [***...]
Gold:   1009       SH:  0    Dex: 19    Spells: 18/29 levels left

rFire   . . .      SeeInvis +   d - +2 dagger (venom)
rCold   + + .      Faith    .   (no shield)
rNeg    + + +      Spirit   .   B - +0 steam dragon scales
rPois   ∞          Reflect  .   (no helmet)
rElec   .          Harm     .   r - +1 cloak
rCorr   .          Rampage  .   p - +0 pair of gloves
Will    +....                   w - +1 pair of boots Stlth **++++++++
                                s - amulet of regeneration
HPRegen 0.99/turn               K - ring of Hafev {Str+6 Int+10}
MPRegen 0.19/turn               E - +4 ring of evasion

@: bloodless, wreathed by umbra
A: bloodless, fangs 3, see invisible, vampiric 2
a: Bat Form, Revivify, Renounce Religion, Shadow Step


You were on level 3 of the Lair of Beasts.
You worshipped Dithmenos.
Dithmenos was most pleased with you.
You visited 3 branches of the dungeon, and saw 15 of its levels.

You collected 1009 gold pieces.


Innate Abilities, Weirdness & Mutations

You do not regenerate when monsters are visible.
You are frail without blood (-20% HP).
You can heal yourself when you bite living creatures.
You are immune to poison.
You have razor-sharp teeth.
You have supernaturally acute eyesight. (SInv)
You are afflicted with vampirism and can become a bat while bloodless.


   Skills:
 + Level 10.9 Short Blades
 + Level 11.1 Dodging
 + Level 15.7 Stealth
 + Level 9.4 Spellcasting
 + Level 14.6 Hexes


You had 18 spell levels left.
You knew the following spells:

 Your Spells              Type           Power      Damage    Failure   Level
c - Confusing Touch       Hex            76%        N/A       1%          3
d - Tukima's Dance        Hex            76%        N/A       1%          3
e - Ensorcelled Hibernat  Hex/Ice        100%       N/A       1%          2
f - Dazzling Flash        Conj/Hex       100%       N/A       1%          3

Your spell library contained the following spells:

 Spells                   Type           Power      Damage    Failure   Level
 Blink                    Tloc           26%        N/A       6%          2
 Frozen Ramparts          Ice            26%        1d4       13%         3
 Lesser Beckoning         Tloc           13%        N/A       13%         3
 Animate Dead             Necr           6%         N/A       38%         4
 Ice Form                 Ice/Tmut       13%        N/A       38%         4
 Summon Ice Beast         Ice/Summ       13%        N/A       38%         4
 Borgnjor's Vile Clutch   Necr/Erth      6%         N/A       75%         5
 Fireball                 Conj/Fire      6%         3d5       75%         5
 Iskenderun's Battlesphe  Conj           13%        2d7       75%         5
 Manifold Assault         Tloc           13%        N/A       75%         5
 Conjure Ball Lightning   Conj/Air       6%         3x3d6     100%        6
 Death Channel            Necr           6%         N/A       100%        6
 Orb of Destruction       Conj           6%         9d6       100%        7

Inventory:

Hand Weapons
 d - a +2 dagger of venom (weapon)
 y - the +9 short sword of the Solstice {drain, Will+ Dex+2 Stlth+}
   (You found it on level 6 of the Dungeon)

   A truly terrible weapon, it drains the life of any living foe it strikes.
   Dex:       It affects your dexterity (+2).
   Will:      It increases your willpower.
   Stlth:     It makes you more stealthy.
Missiles
 c - 4 throwing nets (quivered) {=f}
Armour
 p - a +0 pair of gloves (worn)
 r - a +1 cloak (worn)
 w - a +1 pair of boots (worn)
 B - +0 steam dragon scales (worn)
Magical Staves
 n - a staff of air {!a}
Jewellery
 s - an amulet of regeneration (around neck)
 E - a +4 ring of evasion (right hand)
 F - a ring of fire
 K - the ring of Hafev (left hand) {Str+6 Int+10}
   (You found it on level 11 of the Dungeon)

   [ring of strength]

   Str:       It affects your strength (+6).
   Int:       It affects your intelligence (+10).
 W - a ring of willpower
Wands
 q - a wand of paralysis (1)
 H - a wand of iceblast (10)
 L - a wand of mindburst (7)
Scrolls
 a - 8 scrolls of teleportation {@r2}
 e - 2 scrolls of silence {unknown}
 j - 5 scrolls of fear
 k - 2 scrolls of brand weapon {unknown}
 l - 2 scrolls of vulnerability
 m - a scroll of noise {unknown}
 u - a scroll of holy word {unknown}
 v - 3 scrolls of immolation
 z - a scroll of enchant weapon {unknown}
 I - 2 scrolls of torment {unknown}
 M - a scroll of fog {unknown}
 N - 2 scrolls of identify {@r1}
Potions
 b - a potion of lignification {unknown}
 f - 4 potions of heal wounds {unknown}
 g - 4 potions of attraction
 h - 3 potions of flight
 i - 3 potions of mutation {unknown}
 o - 10 potions of curing {@q1}
 t - 2 potions of brilliance {unknown}
 x - 3 potions of magic
 A - a potion of might {unknown}
 C - a potion of invisibility
 D - a potion of berserk rage {unknown}
 G - a potion of ambrosia {unknown}
 J - 2 potions of degeneration {unknown}

Dungeon Overview and Level Annotations

Branches:
Dungeon (11/15)            Temple (1/1) D:7            Lair (3/6) D:10
  Swamp: Lair:2-4    Shoals: Lair:2-4     Snake: Lair:2-4    Spider: Lair:2-4
    Orc: D:9-12

Altars:
Ashenzari
Cheibriados
Dithmenos
Elyvilon
Fedhas
Gozag
Hepliaklqana
Kikubaaqudgha
Makhleb
Nemelex Xobeh
Okawaru
Qazlal
Ru
Sif Muna
Trog
Uskayaw
Vehumet
Wu Jian
Xom
Yredelemnul
Zin
The Shining One

Portals:
Trove: D:11 (give 5 potions of resistance)

Annotations:
Lair:2 3 runed translucent doors, exclusion: orange crystal statue, Oroebel's ghost, journeyman OpCj; Picat's ghost, journeyman DrCj

..#..##...........##..#
..P......#.###..P.#...#
.PPPP...##.#..........#
.P≈≈P..................
PP≈≈P...≈≈≈...........#
.PPPP≈.≈≈≈≈≈≈.....P....#
<††..≈≈≈≈≈≈≈≈≈..#P.....#
.....≈≈≈≈≈≈≈≈≈..###.....
..#.≈≈≈≈≈≈≈≈≈≈≈.@...≈§≈§
.....≈≈≈.<.≈≈≈......≈≈≈≈
....≈≈≈≈...≈≈≈......≈≈≈≈
....≈≈≈≈≈≈≈≈≈≈......≈§≈≈
.....≈≈≈≈≈≈≈≈≈....#.....
.......≈≈≈≈≈≈≈.....#....
.........≈≈...≈.▒≈..[...
..............P≈≈▒.. ...
.....###..#...≈≈≈


There were no monsters in sight!


Message History

You hit the wolf but do no damage.
The wolf appears confused.
The wolf is lightly wounded.
The wolf barely misses you.
You hit the wolf.
The wolf is poisoned.
The wolf is moderately wounded.
The wolf misses you.
The wolf barely misses itself.
You see here a wolf corpse.
You catch the helpless wolf completely off-guard!
You bite the wolf, and draw its blood! You spit the wolf like a pig!!!
You kill the wolf!
Dithmenos accepts your kill.
No target in view!
No target in view!
Magic restored.
You see here a wolf corpse.
You enter the shallow water.
Moving in this stuff is going to be slow.
A bullfrog comes into view.
The bullfrog moves out of view.
You now have 1009 gold pieces (gained 26).
A bullfrog comes into view.
A bullfrog is nearby!
N - 2 scrolls of identify {@r1} (gained 1)
Found a pair of boots.
The helpless bullfrog fails to defend itself.
You bite the bullfrog, and draw its blood!
You spit the bullfrog like a pig!!!!
You kill the bullfrog!
Dithmenos accepts your kill.
Are you sure you want to abandon this character and quit the game? (Confirm with "yes".)

Skill      XL: |  1  2  3  4  5  6  7  8  9 10 11 12 |
---------------+-------------------------------------+-----
Stealth        | 5 6 7 9 10 12 14 15 | 15.7
Short Blades   | 2 3 4 5 7 8 9 10 | 10.9
Hexes          | 5 6 7 8 10 11 13 14 | 14.6
Dodging        | 3 4 5 6 7 8 10 11 | 11.1
Spellcasting   | 3 4 5 6 7 8 9 |  9.4

Action                   |  1- 3 |  4- 6 |  7- 9 | 10-12 || total
-------------------------+-------+-------+-------+-------++-------
Melee: Dagger            |    69 |    58 |   214 |   578 ||   919
       Bite              |     3 |     4 |    31 |    78 ||   116
       Punch             |       |     2 |     8 |    13 ||    23
       Short sword       |       |       |     8 |       ||     8
 Cast: Ensorcelled Hiber |    24 |    15 |     6 |    46 ||    91
       Tukima's Dance    |       |     7 |    15 |    33 ||    55
       Confusing Touch   |       |     8 |    32 |    97 ||   137
       Dazzling Flash    |       |       |       |    11 ||    11
 Abil: Exsanguinate      |     1 |       |       |       ||     1
Evoke: Wand              |       |       |       |     1 ||     1
  Use: Scroll            |       |       |     6 |     4 ||    10
       Potion            |       |       |     1 |       ||     1
 Stab: Sleeping          |    44 |    16 |    27 |    71 ||   158
       Confused          |       |     8 |    28 |    81 ||   117
       Invisible         |       |       |     2 |     4 ||     6
       Distracted        |       |       |       |     1 ||     1
Armor: Robe              |    13 |    13 |    17 |    21 ||    64
       Steam dragon scal |       |       |       |    32 ||    32
Dodge: Dodged            |    29 |    38 |   122 |   330 ||   519

Levels and vault maps discovered:
D:1:      grunt_arrival_crossed_arrows, layout_rooms,
          shapermc_ecumenical_altar_mp_ritualfount, minmay_small_reverse_x
D:2:      layout_basic, nrook_mini_backslash, uniq_crazy_yiuf_cottage
D:3:      layout_basic, chequers_jeans, minmay_surrounded
D:4:      layout_gridville
D:5:      layout_basic, nicolae_vehumet_radiance,
          nicolae_ru_the_path_less_chosen, mainiacjoe_overflow_boulevard
D:6:      layout_gridville, hex_medium, st_stairs_10
D:7:      layout_layer_cave, minmay_temple_entry_arrows,
          ebering_ghost_inner_flame, david_defended_altar_orc,
          uniq_prince_ribbit1, uniq_harold
D:8:      layout_loops_cross, kennysheep_mini,
          nicolae_wu_jian_immortal_techniques, overflow_temple_1_default,
          mainiacjoe_overflow_small_starburst, kennysheep_boxes
D:9:      layout_roguey, minmay_splitting_lines
D:10:     nzn_winding_woodlands_small [nzn_winding_woodlands_5x15_jagged,
          nzn_winding_woodlands_center_garden,
          nzn_winding_woodlands_5x15_twine], layout_cave_pods,
          amcnicky_altar_gilded, nicolae_hepliaklqana_hazy_memory,
          dpeg_lair_monsters
D:11:     layout_long_grid, nicolae_trove_entry_free_sample,
          hellmonk_guarded_unrand_dark_maul
Temple:   nicolae_temple_god_jail
Lair:1:   layout_gridlike, infiniplex_staircase_pool, grunt_megastairs_1,
          serial_bayou_shore_b, lemuel_fruit_fields, uniq_sonja
Lair:2:   layout_roguey, basic_altar, gammafunk_ghost_cemetery, disabler_island
Lair:3:   layout_gridlike, elwin_shoals_entry_stream, grunt_megastairs_2,
          infiniplex_staircase_pool_2

Notes
Turn   | Place    | Note
-------+----------+-------------------------------------------
     0 | D:1      | infcreate the Vampire Enchanter began the quest for the
                  | Orb.
     0 | D:1      | Reached XP level 1. HP: 13/13 MP: 3/3
    59 | D:1      | Reached XP level 2. HP: 15/15 MP: 5/5
    62 | D:1      | Learned a level 2 spell: Ensorcelled Hibernation
   568 | D:1      | Found a faded altar of an unknown god.
   759 | D:2      | Gained mutation: You are afflicted with vampirism and can
                  | become a bat while bloodless. [Vampire growth]
   759 | D:2      | Reached XP level 3. HP: 19/19 MP: 6/6
   819 | D:1      | Reached skill level 5 in Stealth
  1165 | D:2      | Reached skill level 2 in Short Blades
  1171 | D:2      | Reached skill level 5 in Hexes
  1240 | D:2      | Found a runed translucent door.
  1241 | D:2      | Noticed Crazy Yiuf
  1273 | D:2      | Noticed an ogre
  2066 | D:3      | Reached XP level 4. HP: 24/24 MP: 7/7
  2116 | D:3      | Learned a level 3 spell: Confusing Touch
  2209 | D:3      | Noticed a centaur
  2238 | D:3      | Noticed a sky beast
  2837 | D:3      | Killed a sky beast
  2838 | D:3      | Reached skill level 3 in Dodging
  2838 | D:3      | Reached XP level 5. HP: 28/28 MP: 7/9
  2842 | D:3      | Learned a level 3 spell: Tukima's Dance
  2989 | D:2      | Killed Crazy Yiuf
  3140 | D:2      | Killed an ogre
  3141 | D:2      | Reached skill level 3 in Short Blades
  3141 | D:2      | Reached skill level 6 in Stealth
  3141 | D:2      | Reached skill level 3 in Spellcasting
  3141 | D:2      | Reached skill level 6 in Hexes
  3141 | D:2      | Reached XP level 6. HP: 20/32 MP: 1/10
  3145 | D:2      | Learned a level 3 spell: Dazzling Flash
  3607 | D:4      | Reached skill level 4 in Dodging
  4017 | D:4      | Reached XP level 7. HP: 36/36 MP: 12/12
  4098 | D:4      | Reached skill level 7 in Stealth
  4464 | D:5      | Entered Level 5 of the Dungeon
  4513 | D:5      | Reached skill level 4 in Short Blades
  4600 | D:5      | Found a sacrificial altar of Ru.
  4635 | D:5      | Found a radiant altar of Vehumet.
  4676 | D:5      | Reached skill level 7 in Hexes
  4715 | D:5      | Reached skill level 4 in Spellcasting
  4907 | D:5      | Reached skill level 5 in Dodging
  4907 | D:5      | Reached XP level 8. HP: 41/41 MP: 14/14
  4912 | D:5      | Reached skill level 8 in Stealth
  5237 | D:5      | Found a shimmering blue altar of Sif Muna.
  5336 | D:5      | Reached skill level 5 in Short Blades
  5605 | D:6      | Identified the +9 short sword of the Solstice {drain, Will+
                  | Dex+2 Stlth+}
  5634 | D:6      | Reached skill level 8 in Hexes
  5841 | D:6      | Reached skill level 9 in Stealth
  6030 | D:6      | Reached skill level 6 in Dodging
  6030 | D:6      | Reached skill level 5 in Spellcasting
  6401 | D:6      | Reached XP level 9. HP: 45/45 MP: 6/16
  6815 | D:6      | Reached skill level 9 in Hexes
  6818 | D:6      | Reached skill level 6 in Short Blades
  6941 | D:6      | Reached skill level 10 in Stealth
  7316 | D:7      | You fall into a shaft and drop 3 floors!
  7316 | D:10     | Entered Level 10 of the Dungeon
  7363 | D:10     | Noticed a death yak
  7363 | D:10     | Noticed a death yak
  7420 | D:10     | Noticed a troll
  7421 | D:10     | Killed a troll
  7422 | D:10     | Reached skill level 7 in Dodging
  7435 | D:10     | Noticed a cyclops
  7483 | D:10     | Noticed a two-headed ogre
  7494 | D:10     | Killed a two-headed ogre
  7495 | D:10     | Reached skill level 7 in Short Blades
  7495 | D:10     | Reached skill level 6 in Spellcasting
  7495 | D:10     | Reached skill level 10 in Hexes
  7495 | D:10     | Reached XP level 10. HP: 45/50 MP: 1/19
  7587 | D:10     | Reached skill level 11 in Stealth
  7681 | D:10     | Noticed a two-headed ogre
  7809 | D:10     | HP: 5/50 [cyclops (16)]
  7818 | D:10     | Killed a cyclops
  8390 | D:10     | Noticed a two-headed ogre
  8392 | D:10     | Reached skill level 8 in Dodging
  8402 | D:10     | Killed a two-headed ogre
  8403 | D:10     | Reached skill level 11 in Hexes
  8621 | D:10     | Reached skill level 8 in Short Blades
  8621 | D:10     | Reached skill level 12 in Stealth
  8912 | D:9      | Reached skill level 7 in Spellcasting
 10092 | D:7      | Found a staircase to the Ecumenical Temple.
 10111 | Temple   | Entered the Ecumenical Temple
 10158 | Temple   | Became a worshipper of Dithmenos the Shadowed
 10183 | D:7      | Noticed Prince Ribbit
 10189 | D:7      | Killed Prince Ribbit
 10190 | D:7      | Reached XP level 11. HP: 54/54 MP: 17/21
 10258 | D:7      | Found a runed translucent door.
 10264 | D:7      | Noticed 445me's ghost (novice DsGl)
 10290 | D:7      | Found a burning altar of Makhleb.
 10747 | D:7      | Noticed Harold
 11143 | D:8      | Found an ornate altar of the Wu Jian Council.
 11384 | D:8      | Found an iron altar of Okawaru.
 11509 | D:8      | Found a bloodstained altar of Trog.
 11773 | D:8      | Reached * piety under Dithmenos
 12429 | D:10     | Reached skill level 12 in Hexes
 12434 | D:10     | Reached skill level 9 in Dodging
 12525 | D:10     | Reached skill level 13 in Stealth
 12647 | D:10     | Found a hazy altar of Hepliaklqana.
 12776 | D:10     | Noticed a death yak
 12866 | D:10     | Noticed a two-headed ogre
 12879 | D:10     | Killed a two-headed ogre
 12880 | D:10     | Reached skill level 9 in Short Blades
 13020 | D:10     | Found a staircase to the Lair.
 13153 | D:10     | Killed a two-headed ogre
 13327 | D:10     | Killed a death yak
 13461 | D:10     | Killed a death yak
 13462 | D:10     | Reached skill level 8 in Spellcasting
 13741 | D:10     | Killed a death yak
 13816 | D:11     | Noticed an orc knight
 13842 | D:10     | Killed an orc knight
 13934 | D:10     | Reached ** piety under Dithmenos
 13981 | D:11     | Reached skill level 13 in Hexes
 14164 | D:11     | Reached skill level 14 in Stealth
 14265 | D:11     | Found a portal to a secret trove of treasure.
 14338 | D:11     | Identified the ring of Hafev {Str+6 Int+10}
 14411 | D:11     | Noticed a two-headed ogre
 14412 | D:11     | Noticed an orc knight
 14459 | D:11     | Killed a two-headed ogre
 14460 | D:11     | Reached skill level 10 in Dodging
 14460 | D:11     | Reached XP level 12. HP: 35/59 MP: 7/24
 15058 | D:11     | Reached skill level 10 in Short Blades
 15172 | Lair:1   | Entered Level 1 of the Lair of Beasts
 15679 | Lair:1   | Reached skill level 15 in Stealth
 15698 | Lair:1   | Reached *** piety under Dithmenos
 15730 | Lair:1   | Noticed Sonja
 15732 | Lair:1   | Reached skill level 9 in Spellcasting
 15749 | Lair:1   | Killed Sonja
 15750 | Lair:1   | Reached skill level 14 in Hexes
 16200 | D:7      | Killed 445me's ghost
 16348 | D:7      | Killed Harold
 16689 | Lair:2   | Found a burning altar of Makhleb.
 16782 | Lair:2   | Found a runed translucent gate.
 16782 | Lair:2   | Found a runed translucent gate.
 16782 | Lair:2   | Found a runed translucent gate.
 16785 | Lair:2   | Noticed Oroebel's ghost (journeyman OpCj)
 16785 | Lair:2   | Noticed Picat's ghost (journeyman DrCj)
 16825 | Lair:2   | Reached skill level 11 in Dodging
 17041 | Lair:2   | Noticed a seven-headed hydra
 17048 | Lair:2   | Killed a seven-headed hydra
 17472 | Lair:3   | Quit the game

Vanquished Creatures
  A hydra (Lair:2)
  3 two-headed ogres (D:10)
  3 death yaks (D:10)
  Sonja (Lair:1)
  The ghost of 445me the Cleaver, a novice DsGl of Wu Jian (D:7)
  2 orc knights
  2 ugly things
  A manticore (D:10)
  2 cyclopes
  4 centaur zombies
  A gargoyle (D:11)
  A cane toad (Lair:1)
  2 unseen horrors
  A yaktaur (D:10)
  6 komodo dragons
  3 trolls
  Prince Ribbit (D:7)
  2 shadows (D:11)
  A wyvern (D:10)
  27 yaks
  A steam dragon (D:8)
  A dancing weapon (D:6)
  3 vampire mosquitoes
  7 water moccasins
  3 acid dragons (D:10)
  3 sky beasts
  An ice beast (D:8)
  A black bear (D:5)
  2 necrophages (D:5)
  6 orc warriors
  5 ogres
  7 centaurs
  5 wolves
  3 kobold brigands
  10 bullfrogs
  A scorpion (D:5)
  3 gnoll sergeants
  2 water moccasin zombies
  2 wyvern skeletons
  10 killer bees
  5 wights
  2 electric eels (Lair:1)
  A howler monkey (D:10)
  A gnoll shaman (D:8)
  2 hounds (D:6)
  A jelly (D:6)
  6 orc priests
  A bullfrog skeleton (D:7)
  A centaur skeleton (D:7)
  2 iguanas
  13 orc wizards
  A killer bee zombie (D:6)
  A hound skeleton (D:4)
  A howler monkey zombie (D:10)
  18 gnolls
  3 river rats (D:10)
  7 adders
  A white imp (D:6)
  4 worms
  2 dart slugs
  18 orcs
  8 ball pythons
  6 endoplasms
  5 giant cockroaches
  7 goblins
  2 hobgoblins (D:1)
  2 jackals (D:2)
  3 quokkas
  4 bats
  7 frilled lizards
  25 kobolds
  8 rats
  A butterfly (Lair:1)
310 creatures vanquished.

Vanquished Creatures (collateral kills)
  Harold (D:7)
  2 two-headed ogres
  An orc warrior (D:10)
  2 wights
  Crazy Yiuf (D:2)
  2 gnolls
  2 orcs (D:10)
11 creatures vanquished.

Vanquished Creatures (others)
  7 dancing weapons
  2 fungi (D:1)
  85 plants
94 creatures vanquished.

Grand Total: 415 creatures vanquished

Table legend: (Time is in decaauts)
 A = Elapsed time spent in this place.
 B = Non-inter-level travel time spent in this place.
 C = Inter-level travel time spent in this place.
 D = Time resting spent in this place.
 E = Time spent auto-exploring this place.
 F = Levels seen in this place.
 G = Mean time per level.
                   A        B        C        D        E       F      G
               +--------+--------+--------+--------+--------+-----+--------+
         Total |  17156 |  14596 |   2560 |   2850 |   7942 |  15 | 1143.7 |
       Dungeon |  15340 |  12983 |   2357 |   2818 |   6795 |  11 | 1394.5 |
        Temple |     68 |     51 |     17 |      0 |     30 |   1 |   68.0 |
          Lair |   1747 |   1561 |    186 |     32 |   1117 |   3 |  582.3 |
               +--------+--------+--------+--------+--------+-----+--------+

Top non-repeatable levels by time:
    D:10: 2884 daAuts
     D:8: 1699 daAuts
     D:6: 1517 daAuts
     D:7: 1498 daAuts
     D:2: 1408 daAuts
     D:3: 1375 daAuts
    D:11: 1163 daAuts
     D:5: 1102 daAuts
     D:9: 1026 daAuts
  Lair:1: 916 daAuts
     D:4: 898 daAuts
     D:1: 766 daAuts
  Lair:2: 763 daAuts
  Temple: 68 daAuts
  Lair:3: 68 daAuts

Table legend:
 A = Non-vault XP
 B = Vault XP
 C = Vault XP percentage of total XP
 D = Non-vault monster count
 E = Vault monster count
 F = Vault count percentage of total count
                 A         B        C        D         E       F
            +---------+---------+-------+---------+---------+-------
      Total |   23631 |   13376 |  36.1 |     261 |      58 |  18.2
            +---------+---------+-------+---------+---------+-------
        D:1 |      44 |       9 |  17.0 |      22 |       4 |  15.4
        D:2 |     154 |      39 |  20.2 |      18 |       1 |   5.3
        D:3 |     297 |       4 |   1.3 |      15 |       2 |  11.8
        D:4 |     322 |       0 |   0.0 |      17 |       0 |   0.0
        D:5 |    1009 |       0 |   0.0 |      14 |       0 |   0.0
        D:6 |    1839 |     231 |  11.2 |      21 |       4 |  16.0
        D:7 |    1344 |    2556 |  65.5 |      18 |       7 |  28.0
        D:8 |    1908 |       0 |   0.0 |      42 |       0 |   0.0
        D:9 |     734 |       0 |   0.0 |      11 |       0 |   0.0
       D:10 |    4297 |    7567 |  63.8 |      30 |      31 |  50.8
       D:11 |    3456 |    1698 |  32.9 |      12 |       4 |  25.0
     Lair:1 |    4242 |    1272 |  23.1 |      23 |       5 |  17.9
     Lair:2 |    3665 |       0 |   0.0 |      15 |       0 |   0.0
     Lair:3 |     320 |       0 |   0.0 |       3 |       0 |   0.0
            +---------+---------+-------+---------+---------+-------
